 Dungeon Crawl Stone Soup version 0.28.0-43-g3370ac3207 (webtiles) character file.

Game seed: 12419631175371278686

165 sking99 the Poker (level 5, -22/50 HPs)
             Began as a Naga Cinder Acolyte on Mar 11, 2022.
             Was a High Priest of Ignis.
             Annihilated by an ogre
             ... wielding a +0 giant club
              (26 damage)
             ... on level 4 of the Dungeon.
             The game lasted 00:05:05 (2696 turns).

sking99 the Poker (Naga Cinder Acolyte)             Turns: 2696, Time: 00:05:06

Health: -22/50     AC: 13    Str: 19    XL:     5   Next: 46%
Magic:  6/6        EV:  3    Int: 14    God:    Ignis [*****.]
Gold:   110        SH:  0    Dex:  6    Spells: 6/6 levels left

rFire   + . .      SeeInvis +   a - +0 spear (flame)
rCold   . . .      Faith    .   (no shield)
rNeg    . . .      Spirit   .   g - +0 plate armour
rPois   +          Reflect  .   (no helmet)
rElec   .          Harm     .   (no cloak)
rCorr   .          Rampage  .   (no gloves)
Will    .....                   (no barding)
Stlth   ..........              (no amulet)
HPRegen 0.16/turn               (no ring)
MPRegen 0.10/turn               (no ring)

@: fiery-armoured, very slow
A: AC +1, large, see invisible, deformed body, poison resistance, slowness 2,
spit poison 1, naga tail 1
a: Spit Poison, Renounce Religion, Fiery Armour, Foxfire Swarm, Rising Flame


You were on level 4 of the Dungeon.
You worshipped Ignis.
Ignis was extremely pleased with you.
You visited 1 branch of the dungeon, and saw 4 of its levels.

You collected 110 gold pieces.

Inventory:

Hand Weapons
 a - a +0 spear of flaming (weapon)
Armour
 g - a +0 plate armour (worn)
Jewellery
 m - the ring of Mizucul {AC+4 Int+4}
   (You found it on level 3 of the Dungeon)

   [ring of protection]

   AC:        It affects your AC (+4).
   Int:       It affects your intelligence (+4).
Wands
 k - a wand of digging (7)
Scrolls
 b - a scroll of immolation
 d - a scroll of vulnerability {unknown}
 i - a scroll of fear
 l - a scroll of enchant weapon
Potions
 c - 2 potions of curing {unknown}
 e - a potion of magic {unknown}
 f - 3 potions of heal wounds {unknown}
 h - a potion of haste {unknown}
 j - a potion of invisibility {unknown}
 n - a potion of mutation {unknown}
 o - a potion of flight {unknown}


   Skills:
 + Level 3.9 Fighting
 * Level 4.7 Polearms
 - Level 1.0 Spellcasting
 + Level 3.9 Fire Magic


You had 6 spell levels left.
You didn't know any spells.
Your spell library contained the following spells:

 Spells                   Type           Power      Damage    Failure   Level
 Scorch                   Fire           22%        2d6       98%         2
 Tukima's Dance           Hex            0%         N/A       100%        3
 Anguish                  Hex/Necr       0%         N/A       100%        4
 Enfeeble                 Hex            0%         N/A       100%        7


Dungeon Overview and Level Annotations

Branches:
Dungeon (4/15)
 Temple: D:4-7

Altars:
Cheibriados
Dithmenos
Kikubaaqudgha
Yredelemnul


Innate Abilities, Weirdness & Mutations

Your serpentine skin is tough. (AC +1)
You have supernaturally acute eyesight. (SInv)
Armour fits poorly on your strangely shaped body.
Your system is resistant to poisons. (rPois)
You cover ground very slowly.
You can spit poison.
You have a snake-like lower body.


Message History

HP restored.
Found a robe.
You hear the rusting of a very distant drain.
Items here: )) ††.
i - a scroll of fear
Found 10 stones.
Items here: )) ††.
There is an open door here.
There is an open door here.
An ogre comes into view. It is wielding a +0 giant club.
Aiming: Spit Poison (1% risk of failure)
Press: ? - help, Shift-Dir - straight line
Okay, then.
The ogre shouts!
You hear a shout!
Aiming: Spit Poison (1% risk of failure)
Press: ? - help, Q - select action Shift-Dir - straight line, f - ogre
Aim: an ogre, wielding a +0 giant club (81% to hit)
The splash of poison hits the ogre.
The ogre is lightly wounded.
A protective cloak of flame settles atop you.
A ball python comes into view.
The ball python hisses angrily.
You hit the ogre. You burn the ogre.
The ogre is moderately wounded.
The ogre hits you with a +0 giant club!!
The ogre is burned by your cloak of flames.
The ogre is heavily wounded.
You hit the ogre but do no damage.
The ogre is heavily wounded.
You have got your breath back.
The ogre hits you with a +0 giant club!!
* * * LOW HITPOINT WARNING * * *
The ogre is burned by your cloak of flames.
The ogre is severely wounded.
You are too injured to fight recklessly!
You hit the ogre. You burn the ogre.
The ogre is almost dead.
The ogre hits you with a +0 giant club!!
Ouch! That really hurt!
You die...

#.#
##...#..##......#...#
#.#
#..###.).##.#.....###
...#
##...#..#..##.......#
##.#
#...##.##...##.#..###
..###...#..#..#..##....#
..##...##.##.##...##..##
)..##...'..#..#(.#[.##.+
...###'#################
.####...........@OS.....
#......########...##
#......# .# #......#
#......# ########


You could see an ogre and a ball python.

Vanquished Creatures
  Terence (D:3)
  Jessica (D:3)
  An orc wizard (D:3)
  3 adders
  An ufetubus (D:4)
  A worm (D:2)
  2 dart slugs (D:2)
  3 orcs (D:3)
  2 bats
  2 endoplasms
  A giant cockroach (D:2)
  A goblin (D:1)
  4 hobgoblins
  4 jackals (D:2)
  7 kobolds
  A quokka (D:4)
  5 ball pythons
  A frilled lizard (D:3)
  4 rats (D:2)
45 creatures vanquished.

Notes
Turn   | Place    | Note
-------+----------+-------------------------------------------
     0 | D:1      | sking99 the Naga Cinder Acolyte began the quest for the
                  | Orb.
     0 | D:1      | Reached XP level 1. HP: 21/21 MP: 2/2
    13 | D:1      | Found a shadowy altar of Dithmenos.
   695 | D:1      | Found a faded altar of an unknown god.
   807 | D:2      | Reached XP level 2. HP: 28/28 MP: 3/3
   904 | D:2      | Reached XP level 3. HP: 34/34 MP: 4/4
  1441 | D:3      | Identified the ring of Mizucul {AC+4 Int+4}
  1506 | D:3      | Found a basalt altar of Yredelemnul.
  1508 | D:3      | Found a faded altar of an unknown god.
  1512 | D:3      | Found a snail-covered altar of Cheibriados.
  1541 | D:3      | Found an ancient bone altar of Kikubaaqudgha.
  1720 | D:3      | Noticed Terence
  1732 | D:3      | Killed Terence
  1733 | D:3      | Reached skill level 4 in Polearms
  1733 | D:3      | Reached XP level 4. HP: 17/42 MP: 5/5
  1972 | D:3      | Noticed Jessica
  1983 | D:3      | Killed Jessica
  1984 | D:3      | Reached XP level 5. HP: 43/50 MP: 6/6
  2689 | D:4      | Noticed an ogre
  2696 | D:4      | Annihilated by an ogre

Illustrated notes

Levels and vault maps discovered:
D:1:      dpeg_arrival_lava_altar, layout_loops_cross,
          shapermc_ecumenical_altar_acropolis
D:2:      layout_rooms
D:3:      layout_loops_ring, yredelemnul_altar_generic, lemuel_round_altar,
          nicolae_overflow_ecumenical_swirl, uniq_terence, uniq_jessica
D:4:      minmay_razor_zed, layout_basic, gup_sewer_entry_pipe, serial_shops,
          shop

Skill      XL: |  1  2  3 |
---------------+----------+-----
Polearms       | 4 |  4.7
Fighting       | |  3.9
Spellcasting   | |  1.0
Fire Magic     | |  3.9

Action                   |  1- 3 |  4- 6 || total
-------------------------+-------+-------++-------
Melee: Spear             |    90 |    53 ||   143
       Punch             |     1 |       ||     1
Invok: Fiery Armour      |     1 |     1 ||     2
 Abil: Spit Poison       |     6 |     4 ||    10
  Use: Scroll            |       |     4 ||     4
Armor: Plate armour      |    52 |     9 ||    61
Dodge: Dodged            |    13 |     5 ||    18
